 Dungeon Crawl Stone Soup version 0.30-a0-137-gd8773701ce (webtiles) character file.

Game seed: 10978347355030648426

131 blackman the Poker (level 4, 0/39 HPs)
             Began as a Minotaur Fighter on Sept 23, 2022.
             Slain by an orc
             ... wielding a +0 short sword
              (3 damage)
             ... on level 3 of the Dungeon.
             The game lasted 00:03:55 (1891 turns).

blackman the Poker (Minotaur Fighter)               Turns: 1891, Time: 00:03:56

Health: 0/39       AC: 10    Str: 23    XL:     4   Next: 91%
Magic:  3/3        EV:  7    Int:  5    God:
Gold:   112        SH:  0    Dex:  9    Spells: 3/3 levels left

rFire   . . .      SeeInvis .    a - +0 trident
rCold   . . .      Faith    .    c - +0 buckler
rNeg    . . .      Spirit   .    f - +0 chain mail
rPois   .          Reflect  .    (helmet restricted)
rElec   .          Harm     .    (no cloak)
rCorr   .          Rampage  .    n - +0 pair of gloves
Will    .....                    (no boots)
Stlth   ..........               (no amulet)
HPRegen 0.13/turn                (no ring)
MPRegen 0.08/turn                (no ring)

@: confused
A: horns 2, retaliatory headbutt
a: no special abilities


You were on level 3 of the Dungeon.
You visited 1 branch of the dungeon, and saw 3 of its levels.

You collected 112 gold pieces.

Inventory:

Hand Weapons
 a - a +0 trident (weapon)
 o - a +9 club
   (You took it off Jessica on level 2 of the Dungeon)
Armour
 b - a +0 scale mail
 c - a +0 buckler (worn)
 f - a +0 chain mail (worn)
   (You found it on level 1 of the Dungeon)
 n - a +0 pair of gloves (worn)
   (You found it on level 2 of the Dungeon)
Scrolls
 g - a scroll of teleportation {unknown}
 i - a scroll of brand weapon {unknown}
 k - a scroll of amnesia {unknown}
 l - 3 scrolls of noise {unknown}
Potions
 d - 3 potions of might
 e - a potion of brilliance {unknown}
 h - 2 potions of attraction {unknown}
 j - a potion of resistance {unknown}
 m - a potion of heal wounds {unknown}


   Skills:
 - Level 3.6 Fighting
 + Level 6.2 Polearms
 - Level 3.6 Armour
 - Level 3.6 Shields


You had 3 spell levels left.
You didn't know any spells.
Your spell library was empty.

Dungeon Overview and Level Annotations

Branches:
Dungeon (3/15)

Altars:


Innate Abilities, Weirdness & Mutations

You have a pair of horns on your head.
You reflexively headbutt those who attack you in melee.


Message History

You puncture the orc!
You kill the orc!
The orc wizard hits you but does no damage.
The orc hits you but does no damage.
You're too confused to move!
The orc wizard hits you with a +0 dagger.
* * * LOW HITPOINT WARNING * * *
The orc hits you but does no damage.
You miss the orc wizard. Your headbutt misses the orc wizard.
The orc wizard hits you but does no damage.
The orc closely misses you. The orc hits you but does no damage.
The orc wizard casts a spell at you.
You are more confused.
Items here: )) [ ††.
The orc attacks as you move away! The orc hits you but does no damage.
The orc wizard hits you but does no damage.
You miss the orc wizard. You headbutt the orc wizard.
The orc wizard is moderately wounded.
The orc wizard barely misses you. The orc barely misses you.
You barely miss the orc wizard.
The orc wizard is moderately wounded.
The orc hits you but does no damage.
The orc wizard hits you but does no damage.
Found a scroll labelled RUOC OR MAE.
You're too confused to move!
The orc hits you but does no damage.
The orc wizard hits you but does no damage.
You miss the orc wizard. Your headbutt misses the orc wizard.
The orc wizard is moderately wounded.
The orc wizard gestures at you while chanting.
The puff of flame misses you. The orc barely misses you.
The orc wizard attacks as you move away!
The orc wizard barely misses you.
You barely miss the orc. The orc hits you with a +0 short sword.
* * * LOW HITPOINT WARNING * * *
The orc wizard gestures at you while chanting.
The magic dart hits you.
* * * LOW HITPOINT WARNING * * *
The orc attacks as you move away! The orc hits you with a +0 short sword.
You die...

#..## #... #..#
..... ..# #....
###..#######.##..#
...>............#
..##....))##...##
#......'.....## #
#......#......#.##
#..oo..#....)))..#
#...@..#......#.##
#......#......# .#
#......#......##
.#
#......#<........
..
#......###+#####.
.. #.#...?. # #
#.####### #.


You could see an orc wizard and an orc.

Vanquished Creatures
  A hound (D:3)
  Jessica (D:2)
  2 adders (D:2)
  2 worms (D:2)
  6 orcs (D:3)
  4 bats
  7 endoplasms
  2 giant cockroaches (D:1)
  4 hobgoblins
  3 kobolds
  2 quokkas
  A ball python (D:1)
  2 frilled lizards (D:2)
  4 goblins
  7 rats
48 creatures vanquished.

Notes
Turn   | Place    | Note
-------+----------+-------------------------------------------
     0 | D:1      | blackman the Minotaur Fighter began the quest for the Orb.
     0 | D:1      | Reached XP level 1. HP: 19/19 MP: 0/0
    35 | D:1      | Reached skill level 3 in Polearms
   312 | D:1      | Reached XP level 2. HP: 26/26 MP: 1/1
   571 | D:1      | Found a faded altar of an unknown god.
   667 | D:1      | Reached skill level 4 in Polearms
  1232 | D:2      | Reached XP level 3. HP: 20/31 MP: 2/2
  1531 | D:2      | Noticed Jessica
  1534 | D:2      | Killed Jessica
  1535 | D:2      | Reached skill level 5 in Polearms
  1535 | D:2      | Reached XP level 4. HP: 39/39 MP: 3/3
  1820 | D:3      | Reached skill level 6 in Polearms
  1891 | D:3      | Slain by an orc

Illustrated notes

Levels and vault maps discovered:
D:1:      reono_arrival_forest_river, layout_basic,
          hellmonk_ecumenical_altar_run_dry
D:2:      layout_basic, kennysheep_generic_room_7, uniq_jessica
D:3:      layout_basic, nicolae_overflow_hidden_temple,
          minmay_fractal_squares_gapless_5

Skill      XL: |  1  2  3  4 |
---------------+-------------+-----
Polearms       | 3 4 5 6 |  6.2
Fighting       | |  3.6
Armour         | |  3.6
Shields        | |  3.6

Action                   |  1- 3 |  4- 6 || total
-------------------------+-------+-------++-------
Melee: Trident           |    94 |    49 ||   143
       Headbutt          |    11 |     7 ||    18
Armor: Scale mail        |     5 |       ||     5
       Chain mail        |    31 |    38 ||    69
Dodge: Dodged            |    18 |    21 ||    39
Block: Buckler           |    20 |     8 ||    28

Table legend: (Time is in decaauts)
 A = Elapsed time spent in this place.
 B = Non-inter-level travel time spent in this place.
 C = Inter-level travel time spent in this place.
 D = Time resting spent in this place.
 E = Time spent auto-exploring this place.
 F = Levels seen in this place.
 G = Mean time per level.
                   A        B        C        D        E       F      G
               +--------+--------+--------+--------+--------+-----+--------+
         Total |   1909 |   1855 |     54 |      0 |   1526 |   3 |  636.3 |
       Dungeon |   1909 |   1855 |     54 |      0 |   1526 |   3 |  636.3 |
               +--------+--------+--------+--------+--------+-----+--------+

Top non-repeatable levels by time:
     D:1: 1153 daAuts
     D:2: 648 daAuts
     D:3: 108 daAuts
